 Dungeon Crawl Stone Soup version 0.26.1-11-gd32895ea62 (webtiles) character file.

Game seed: 17349832122373437113

179742 Almogavar the Peltast (level 18, -5/163 HPs)
             Began as a Hill Orc Fighter on Apr 29, 2021.
             Was the Champion of Okawaru.
             Slain by a merfolk
             ... wielding a +0 trident
              (9 damage)
             ... on level 4 of the Shoals.
             The game lasted 01:56:27 (33835 turns).

Almogavar the Peltast (Hill Orc Fighter)           Turns: 33835, Time: 01:56:27

Health: -5/163     AC: 37    Str: 29 (31) XL:     18   Next: 24%
Magic:  19/19      EV:  9    Int:  8      God:    Okawaru [******]
Gold:   2023       SH: 25    Dex: 10      Spells: 17/17 levels left

rFire    + + +     SeeInvis +   C - +10 whip "Leviticus" {flame, *Contam rF+ rC+ rN++}
rCold    + + +     Faith    .   U - +0 tower shield of the Several Scars {Str+4 SInv}
rNeg     + + +     Spirit   .   c - +4 gold dragon scales
rPois    +         Reflect  .   Y - +2 hat
rElec    .         Harm     .   H - scarf {rC+ rF+}
rCorr    .         Rampage  .   B - +3 pair of gauntlets of War {Slay+5}
Will     +....     Rnd*Rage +   r - +2 pair of boots {run}
Stlth    ..........             K - amulet of regeneration
HPRegen  0.77/turn              N - ring of positive energy
MPRegen  0.16/turn              i - ring of protection from cold

@: mighty, lethally poisoned (-5 -> -5), heroism, mesmerised, hasted
A: berserk 1, deterioration 1, low mp 1
a: Renounce Religion, Heroism, Finesse


You were on level 4 of the Shoals.
You worshipped Okawaru.
Okawaru was exalted by your worship.
You visited 4 branches of the dungeon, and saw 27 of its levels.

You collected 3251 gold pieces.
You spent 1228 gold pieces at shops.

Inventory:

Hand Weapons
 C - the +10 whip "Leviticus" (weapon) {flame, *Contam rF+ rC+ rN++}
   (You found it on level 5 of the Dungeon)

   It has been specially enchanted to burn those struck by it, causing extra
   injury to most foes and up to half again as much damage against particularly
   susceptible opponents.
   It protects you from fire.
   It protects you from cold.
   It greatly protects you from negative energy.
   It causes magical contamination when unequipped.
Missiles
 k - 14 curare-tipped darts
 n - 66 boomerangs (quivered)
 s - 51 javelins
 t - 10 datura-tipped darts
 G - 32 poisoned darts
 L - 15 throwing nets
 O - 7 atropa-tipped darts
Armour
 a - a +1 pair of gloves of strength
 c - +4 gold dragon scales (worn)
 p - a +1 cloak of willpower
 q - a +2 pair of boots
 r - a +2 pair of boots of running (worn)
 v - a +0 helmet of see invisible
 w - the +0 plate armour of Dishonesty {rElec rC- Will+ Dex+4}
   (You found it on level 4 of the Dungeon)

   It affects your dexterity (+4).
   It makes you vulnerable to cold.
   It insulates you from electricity.
   It affects your willpower, your defense against some magical effects.
 B - the +3 pair of gauntlets of War (worn) {Slay+5}
   (You acquired it on level 13 of the Dungeon)

   It affects your accuracy and damage with ranged weapons and melee attacks
   (+5).
 H - a scarf of resistance (worn)
 U - the +0 tower shield of the Several Scars (worn) {Str+4 SInv}
   (You bought it in a shop on level 2 of the Orcish Mines)

   It affects your strength (+4).
   It lets you see invisible.
 Y - a +2 hat (worn)
Jewellery
 i - a ring of protection from cold (right hand)
 m - an uncursed amulet of the acrobat
 u - an uncursed ring of flight
 y - an uncursed ring of resist corrosion
 D - an uncursed ring of willpower
 E - an uncursed amulet of magic regeneration
 K - an amulet of regeneration (around neck)
 N - a ring of positive energy (left hand)
 X - an uncursed ring of protection from fire
Wands
 j - a wand of digging (29)
 P - a wand of iceblast (18)
 W - a wand of flame (9)
Scrolls
 b - 2 scrolls of summoning
 f - 7 scrolls of remove curse
 g - 5 scrolls of magic mapping
 h - 8 scrolls of fear
 z - 15 scrolls of teleportation
 A - 2 scrolls of amnesia
 I - 5 scrolls of fog
 M - 5 scrolls of blinking
 S - 3 scrolls of holy word {unknown}
 T - a scroll of silence
 Z - 2 scrolls of enchant weapon
Potions
 d - a potion of might
 e - 9 potions of curing
 l - 8 potions of haste
 o - 2 potions of heal wounds
 x - 2 potions of flight
 F - 2 potions of cancellation {unknown}
 J - 3 potions of berserk rage
 Q - 3 potions of mutation {unknown}
Miscellaneous
 R - a phantom mirror
 V - a condenser vane


   Skills:
 + Level 15.0(20.0) Fighting
 + Level 8.9(17.4) Axes
 - Level 12.0(17.8) Maces & Flails
 - Level 12.0(17.0) Throwing
 + Level 15.2(20.2) Armour
 + Level 2.3(7.3) Dodging
 - Level 0.1(5.1) Stealth
 + Level 17.9(22.9) Shields
 + Level 1.6 Fire Magic
 + Level 4.2 Invocations
 + Level 2.0 Evocations


You had 17 spell levels left.
You didn't know any spells.
Your spell library contained the following spells:

 Spells                   Type           Power        Failure   Level
 Animate Skeleton         Necr           0%           99%         1
 Apportation              Tloc           0%           99%         1
 Beastly Appendage        Tmut           0%           99%         1
 Corona                   Hex            0%           99%         1
 Freeze                   Ice            0%           99%         1
 Magic Dart               Conj           0%           99%         1
 Pain                     Necr           0%           99%         1
 Summon Small Mammal      Summ           0%           99%         1
 Blink                    Tloc           N/A          100%        2
 Call Imp                 Summ           0%           100%        2
 Searing Ray              Conj           0%           100%        2
 Slow                     Hex            0%           100%        2
 Conjure Flame            Conj/Fire      1%           100%        3
 Dazzling Flash           Conj/Hex       0%           100%        3
 Frozen Ramparts          Ice            0%           100%        3
 Mephitic Cloud           Conj/Pois/Air  0%           100%        3
 Ozocubu's Armour         Ice            0%           100%        3
 Spider Form              Tmut/Pois      0%           100%        3
 Vampiric Draining        Necr           0%           100%        3
 Animate Dead             Necr           0%           100%        4
 Fulminant Prism          Conj/Hex       0%           100%        4
 Hailstorm                Conj/Ice       0%           100%        4
 Iskenderun's Mystic Bla  Conj/Tloc      0%           100%        4
 Petrify                  Tmut/Erth      0%           100%        4
 Summon Ice Beast         Ice/Summ       0%           100%        4
 Agony                    Necr           0%           100%        5
 Irradiate                Conj/Tmut      0%           100%        5
 Statue Form              Tmut/Erth      0%           100%        6


Dungeon Overview and Level Annotations

Branches:
Dungeon (15/15)            Temple (0/1) D:5            Lair (6/6) D:8
 Shoals (4/4) Lair:3        Snake (0/4) Lair:2          Orc (2/2) D:11
    Elf (0/3) Orc:2        Vaults (0/5) D:14         Depths (0/5) D:15
  Slime: Lair:5-6

Altars:
Ashenzari
Cheibriados
Dithmenos
Elyvilon
Fedhas
Gozag
Hepliaklqana
Kikubaaqudgha
Nemelex Xobeh
Okawaru
Qazlal
Ru
Sif Muna
Trog
Vehumet
Beogh

Shops:
D:10 !   D:12 *((}!   Orc:1 :   Orc:2 ?[}*!   Shoals:2 !

Portals:
Pandemonium: Orc:2

Annotations:
Shoals:4 Polyphemus


Innate Abilities, Weirdness & Mutations

You tend to lose your temper in combat.
Your body sometimes deteriorates upon taking damage.
Your magical capacity is low. (-10% MP)


Message History

Polyphemus hits you but does no damage. You block the merfolk's attack.
The frost giant hits you with a +0 battleaxe of freezing.
* * * LOW HITPOINT WARNING * * *
The merfolk avatar chants its luring song.
You block the merfolk's attack. You block the death yak's attack.
The water nymph touches you. The water nymph drowns you!
* * * LOW HITPOINT WARNING * * *
The merfolk javelineer barely misses you.
You feel much better.
You feel sick.
The merfolk siren chants its luring song.
You block the merfolk's attack. You block the merfolk impaler's attack.
The alligator snapping turtle bites you from afar!!
* * * LOW HITPOINT WARNING * * *
Your body deteriorates!
You feel weakened. The water nymph touches you. The water nymph drowns you!
* * * LOW HITPOINT WARNING * * *
The merfolk aquamancer hits you but does no damage.
The merfolk hits you but does no damage.
The merfolk hits you from afar with a +0 trident!
You die...

##..........!....##
#≈....?..≈...#.....#
#........≈≈.........
##.......≈≈≈≈.......
##≈........≈≈≈..............≈.
#......(.(..................≈.
#.........mm.≈....C...........
.......(..≈≈mmYm≈......?.....#
..........≈mC@Cmm............#
..........≈≈mmmmm.....(.......
#≈.........mmmmtm.............
##...........mmmk#.....###....
..##..........m)mmHY..........
. #.......$.<.§.mY..........#
...........................
#.......(...m....m.....m.§..
...≈≈[≈≈≈≈.......m......


You could see Polyphemus, an alligator snapping turtle, a frost giant, 3 merfolk
avatars, 2 merfolk impalers, 2 merfolk javelineers, 3 death yaks, 3 merfolk
aquamancers, a wind drake (repels missiles), 10 merfolk, a cyclops, 3 merfolk
sirens, 4 water nymphs and a harpy.

Vanquished Creatures
  Jorgrun (Shoals:3)
  Gastronok (Lair:1)
  A kraken (Shoals:3)
  Roxanne (Shoals:2)
  A fire giant (D:15)
  The ghost of Bananafolds the Warrior, a journeyman MfSk of Makhleb (Lair:4)
  A dire elephant (Lair:4)
  Nessos (Lair:6)
  8 merfolk impalers
  11 hydras
  A vault guard (D:14)
  2 merfolk avatars (Shoals:3)
  2 centaur warriors
  Harold (D:7)
  A catoblepas (Lair:2)
  2 boulder beetles
  A death knight (D:15)
  A merfolk aquamancer (Shoals:2)
  3 satyrs
  Erica (Lair:1)
  A two-headed ogre (D:11)
  8 orc high priests
  Urug (Lair:5)
  A sun demon (Orc:2)
  Sonja (Lair:1)
  5 skeletal warriors (D:14)
  3 unseen horrors
  An infernal demonspawn (Orc:2)
  6 sea snakes
  2 torturous demonspawn (Orc:2)
  A wizard (D:14)
  Pikel (D:7)
  20 harpies
  5 orc knights
  An oklob plant (Lair:3)
  11 fauns
  3 deep elf magi
  11 cyclopes
  20 ugly things
  9 manticores
  4 orc sorcerers (Orc:2)
  Maurice (D:9)
  23 elephants
  A water nymph (Shoals:2)
  2 rust devils (Orc:2)
  6 merfolk sirens
  A gargoyle (D:12)
  6 black mambas
  Joseph (Lair:1)
  9 cane toads
  A yaktaur (D:14)
  11 rime drakes
  A freezing wraith (D:14)
  5 komodo dragons
  An efreet (D:14)
  28 merfolk
  A hellwing (Orc:2)
  A meliai (shapeshifter) (D:14)
  10 polar bears
  8 trolls
  4 wind drakes
  2 hornets
  8 blink frogs
  3 raiju (Lair:6)
  8 slime creatures
  A snapping turtle (Shoals:2)
  A spriggan (Lair:3)
  2 shadows
  5 wraiths
  6 wyverns
  5 water elementals
  43 yaks
  6 basilisks
  Edmund (D:4)
  Menkaure (D:7)
  9 wargs
  7 vampire mosquitoes
  2 nagas (Lair:2)
  7 water moccasins
  Duvessa (D:7)
  14 hell hounds (Lair:6)
  36 orc warriors
  4 sky beasts
  4 ice beasts
  3 necrophages
  5 phantoms
  11 ogres
  An eye of draining (D:14)
  15 black bears
  36 wolves
  6 centaurs
  A big kobold (D:11)
  2 gnoll sergeants (D:10)
  18 bullfrogs
  A wyvern zombie (D:14)
  Dowan (D:7)
  5 scorpions
  7 howler monkeys
  14 wights
  2 electric eels (Lair:5)
  4 centaur zombies
  3 quasits
  29 orc priests
  4 hounds
  5 jellies
  26 orc wizards
  Crazy Yiuf (D:3)
  A bullfrog skeleton (D:9)
  4 centaur skeletons
  6 iguanas
  9 worker ants
  A killer bee zombie (D:9)
  A hound zombie (D:11)
  2 hound skeletons
  Robin (D:2)
  2 worker ant zombies
  17 gnolls
  14 adders
  2 shadow imps
  4 white imps
  4 ufetubi
  An ooze (D:3)
  2 adder zombies
  An adder skeleton (D:7)
  2 worms
  2 dart slugs
  4 leopard geckos
  91 orcs
  4 giant cockroaches
  13 goblins
  17 hobgoblins
  16 jackals
  5 quokkas
  A ball python (D:1)
  16 bats
  3 frilled lizards
  4 kobolds
  2 quokka skeletons
  3 rats
  4 tentacles (Shoals:3)
913 creatures vanquished.

Vanquished Creatures (others)
  68 fungi
  134 plants
  3 tentacles (Shoals:3)
205 creatures vanquished.

Grand Total: 1118 creatures vanquished

Notes
Turn   | Place    | Note
-------+----------+-------------------------------------------
     0 | D:1      | Almogavar the Hill Orc Fighter began the quest for the Orb.
     0 | D:1      | Reached XP level 1. HP: 19/19 MP: 1/1
   219 | D:1      | Reached XP level 2. HP: 14/27 MP: 2/2
   896 | D:2      | Noticed Robin
   910 | D:2      | Reached XP level 3. HP: 16/33 MP: 3/3
   915 | D:2      | HP: 1/33 [Robin/+0 club (4)]
   919 | D:2      | Killed Robin
  1175 | D:2      | Reached XP level 4. HP: 40/40 MP: 4/4
  2059 | D:3      | Reached skill level 4 in Shields
  2064 | D:3      | Reached skill level 5 in Axes
  2064 | D:3      | Reached XP level 5. HP: 29/46 MP: 5/5
  2311 | D:3      | Found a shimmering blue altar of Sif Muna.
  2377 | D:3      | Found an iron altar of Okawaru.
  2383 | D:3      | Became a worshipper of Warmaster Okawaru
  2749 | D:3      | Found a runed translucent door.
  2750 | D:3      | Noticed Crazy Yiuf
  2761 | D:3      | Killed Crazy Yiuf
  3054 | D:4      | Got a fading plate armour
  3065 | D:4      | Identified the cursed +0 plate armour of Dishonesty {rElec
                  | rC- Will+ Dex+4} (You found it on level 4 of the Dungeon)
  3243 | D:4      | Noticed a phantom
  3246 | D:4      | Noticed Edmund
  3277 | D:4      | Killed Edmund
  3277 | D:4      | Reached * piety under Okawaru
  3278 | D:4      | Reached XP level 6. HP: 34/53 MP: 6/6
  3300 | D:4      | Killed a phantom
  3790 | D:4      | Reached XP level 7. HP: 60/60 MP: 7/7
  3791 | D:5      | Entered Level 5 of the Dungeon
  4003 | D:5      | Found a white marble altar of Elyvilon.
  4083 | D:5      | Found an ancient bone altar of Kikubaaqudgha.
  4133 | D:5      | Found a staircase to the Ecumenical Temple.
  4143 | D:5      | Got a shimmering whip
  4150 | D:5      | Identified the +10 whip "Leviticus" {flame, *Contam rF+ rC+
                  | rN++} (You found it on level 5 of the Dungeon)
  4174 | D:5      | Reached skill level 5 in Armour
  4206 | D:5      | Reached skill level 5 in Shields
  4288 | D:5      | Reached ** piety under Okawaru
  4290 | D:5      | Reached skill level 5 in Fighting
  4290 | D:5      | Reached XP level 8. HP: 51/68 MP: 8/8
  4458 | D:5      | Found a shadowy altar of Dithmenos.
  4471 | D:5      | Reached skill level 1 in Maces & Flails
  4956 | D:6      | Reached skill level 1 in Throwing
  5114 | D:6      | Reached skill level 6 in Shields
  5117 | D:6      | Reached *** piety under Okawaru
  5284 | D:6      | Reached XP level 9. HP: 75/75 MP: 9/9
  5535 | D:6      | Found a snail-covered altar of Cheibriados.
  5755 | D:7      | Noticed Pikel
  5768 | D:7      | Killed Pikel
  5769 | D:7      | Reached skill level 5 in Maces & Flails
  5772 | D:7      | Reached skill level 1 in Dodging
  5788 | D:7      | Found a radiant altar of Vehumet.
  5803 | D:7      | Noticed Menkaure
  5809 | D:7      | Killed Menkaure
  5809 | D:7      | Reached **** piety under Okawaru
  5842 | D:7      | Reached skill level 7 in Shields
  5943 | D:7      | Noticed Harold
  5964 | D:7      | Killed Harold
  5964 | D:7      | Reached ***** piety under Okawaru
  5965 | D:7      | Reached XP level 10. HP: 74/84 MP: 10/10
  6325 | D:7      | Noticed Dowan
  6326 | D:7      | Noticed Duvessa
  6331 | D:7      | Killed Dowan
  6338 | D:7      | Killed Duvessa
  6586 | D:7      | Received a gift from Okawaru
  6829 | D:8      | Found a sparkling altar of Nemelex Xobeh.
  6904 | D:8      | Found a broken altar of Ashenzari.
  7135 | D:8      | Found a stormy altar of Qazlal.
  7135 | D:8      | Found a blossoming altar of Fedhas.
  7150 | D:8      | Reached skill level 8 in Shields
  7379 | D:8      | Found a staircase to the Lair.
  7399 | D:8      | Gained mutation: Your magical capacity is low. (-10% MP)
                  | [mutagenic glow]
  7869 | D:9      | Noticed Maurice
  7891 | D:9      | Killed Maurice
  7952 | D:9      | Received a gift from Okawaru
  7965 | D:9      | Reached XP level 11. HP: 73/93 MP: 10/10
  8178 | D:9      | Found a sacrificial altar of Ru.
  8178 | D:9      | Found an opulent altar of Gozag.
  8212 | D:9      | Reached skill level 10 in Maces & Flails
  8216 | D:9      | Received a gift from Okawaru
  8219 | D:9      | Got a transparent great mace {god gift}
  8573 | D:9      | Reached skill level 9 in Shields
  8862 | D:10     | Entered Level 10 of the Dungeon
  9290 | D:10     | Found Roitad's Distillery.
  9302 | D:10     | Bought a potion of heal wounds for 85 gold pieces
  9559 | D:11     | Noticed a two-headed ogre
  9578 | D:11     | Killed a two-headed ogre
 10013 | D:11     | Found a staircase to the Orcish Mines.
 10662 | D:11     | Noticed a white ugly thing
 10669 | D:11     | Killed a white ugly thing
 10675 | D:11     | Reached XP level 12. HP: 102/104 MP: 10/10
 10863 | Lair:1   | Entered Level 1 of the Lair of Beasts
 11055 | Orc:1    | Entered Level 1 of the Orcish Mines
 11123 | Orc:1    | Found Xydghuos's Book Boutique.
 11455 | Orc:1    | Received a gift from Okawaru
 11664 | Orc:1    | Found a bloodstained altar of Trog.
 12053 | Orc:1    | Noticed an orc high priest
 12067 | Orc:1    | Killed an orc high priest
 12068 | Orc:1    | Reached skill level 10 in Shields
 12080 | Orc:1    | Reached skill level 10 in Armour
 12369 | Orc:2    | Entered Level 2 of the Orcish Mines
 12556 | Orc:2    | Found a staircase to the Elven Halls.
 12743 | Orc:2    | Found Zirhiow's Magic Scroll Boutique.
 12758 | Orc:2    | Bought a scroll of fog for 24 gold pieces
 12758 | Orc:2    | Bought a scroll of teleportation for 36 gold pieces
 12889 | Orc:2    | Reached skill level 5 in Throwing
 13160 | Orc:2    | Found Erugrapp's Distillery.
 13461 | Orc:2    | Found Giosmegg's General Store.
 13608 | Orc:2    | Noticed a sun demon
 13632 | Orc:2    | Killed a sun demon
 13633 | Orc:2    | Reached skill level 10 in Fighting
 13873 | Orc:2    | Reached skill level 1 in Invocations
 14180 | Orc:2    | Found a roughly hewn altar of Beogh.
 14360 | Orc:2    | Noticed an orc high priest
 14368 | Orc:2    | Noticed an orc high priest
 14383 | Orc:2    | Killed an orc high priest
 14400 | Orc:2    | Killed an orc high priest
 14400 | Orc:2    | Received a gift from Okawaru
 14401 | Orc:2    | Reached XP level 13. HP: 44/114 MP: 9/12
 14987 | Orc:2    | Received a gift from Okawaru
 15127 | Orc:2    | Reached skill level 1 in Evocations
 15191 | Orc:2    | Received a gift from Okawaru
 15225 | Orc:2    | Received a gift from Okawaru
 15226 | Orc:2    | Reached skill level 11 in Shields
 15427 | Orc:2    | Found Jelaaf's Antique Armour Emporium.
 15427 | Orc:2    | Found Tawoadwo's Gadget Shoppe.
 15428 | Orc:2    | Found a one-way gate leading to the halls of Pandemonium.
 15430 | Orc:2    | Bought a faintly humming tower shield for 237 gold pieces
 15432 | Orc:2    | Bought a condenser vane for 600 gold pieces
 15442 | Orc:2    | Identified the +0 tower shield of the Several Scars {Str+4
                  | SInv} (You bought it in a shop on level 2 of the Orcish
                  | Mines)
 15640 | D:8      | Identified the +1 great mace of Terra Cotta {spect, rPois
                  | rF+++ Int-2 Stlth+} (Okawaru gifted it to you on level 9 of
                  | the Dungeon)
 15652 | D:8      | Gained mutation: Your body sometimes deteriorates upon
                  | taking damage. [mutagenic glow]
 15952 | Lair:1   | Noticed Joseph
 15962 | Lair:1   | Killed Joseph
 16359 | Lair:1   | Noticed Gastronok
 16383 | Lair:1   | Killed Gastronok
 16543 | Lair:1   | Noticed Erica
 16554 | Lair:1   | Killed Erica
 16803 | Lair:1   | Noticed Sonja
 16815 | Lair:1   | Killed Sonja
 17741 | Lair:2   | Found a staircase to the Snake Pit.
 18010 | Lair:2   | Reached XP level 14. HP: 48/124 MP: 14/14
 18390 | Lair:2   | Received a gift from Okawaru
 18903 | D:8      | Gained mutation: You tend to lose your temper in combat.
                  | [mutagenic glow]
 19437 | Lair:3   | Found a staircase to the Shoals.
 19715 | Lair:3   | Found a blossoming altar of Fedhas.
 19730 | Lair:3   | Received a gift from Okawaru
 20409 | Lair:4   | Reached ****** piety under Okawaru
 20458 | Lair:4   | Reached skill level 12 in Shields
 21164 | Lair:4   | Noticed a dire elephant
 21192 | Lair:4   | Killed a dire elephant
 21545 | Lair:4   | Received a gift from Okawaru
 21747 | Lair:4   | Reached skill level 10 in Throwing
 21924 | Lair:4   | Found a runed translucent door.
 21924 | Lair:4   | Noticed Bananafolds's ghost (journeyman MfSk)
 22147 | Lair:4   | Killed Bananafolds's ghost
 22992 | Lair:5   | Reached XP level 15. HP: 134/134 MP: 15/15
 23181 | Lair:5   | Noticed Urug
 23201 | Lair:5   | Killed Urug
 23738 | Lair:6   | Entered Level 6 of the Lair of Beasts
 23763 | Lair:6   | Reached skill level 13 in Shields
 24194 | Lair:6   | Reached skill level 1 in Fire Magic
 24194 | Lair:6   | Reached XP level 16. HP: 143/143 MP: 15/17
 24269 | Lair:6   | Noticed Nessos
 24300 | Lair:6   | Killed Nessos
 24768 | Lair:6   | Received a gift from Okawaru
 24951 | Lair:6   | Received a gift from Okawaru
 25212 | Lair:6   | Reached skill level 14 in Shields
 25626 | D:12     | Received a gift from Okawaru
 25653 | D:12     | Identified a +0 pair of boots of running (Okawaru gifted it
                  | to you on level 12 of the Dungeon)
 25734 | D:12     | Found Errih's Weapon Emporium.
 25789 | D:12     | Found Qeptoett's Gadget Emporium.
 26240 | D:12     | Found Yggueq's Distillery.
 26244 | D:12     | Bought 2 potions of heal wounds for 170 gold pieces
 26370 | D:12     | Found Moihen's Weapon Shop.
 26595 | D:12     | Found Anle's General Store.
 26953 | D:13     | Identified a scroll of acquirement
 26954 | D:13     | Acquired the +3 pair of gauntlets of War {Slay+5}
 26955 | D:13     | Found the +3 pair of gauntlets of War {Slay+5}
 28354 | D:14     | Reached skill level 15 in Shields
 28412 | D:14     | Found a gate to the Vaults.
 28938 | D:15     | Entered Level 15 of the Dungeon
 29137 | D:15     | Reached XP level 17. HP: 151/151 MP: 18/18
 29225 | D:15     | Received a gift from Okawaru
 29307 | D:15     | Found a staircase to the Depths.
 30377 | Shoals:1 | Entered Level 1 of the Shoals
 30603 | Shoals:1 | Received a gift from Okawaru
 30706 | Shoals:1 | Reached skill level 16 in Shields
 32101 | Shoals:2 | Identified Roxanne's Compendium of Transformation
 32101 | Shoals:2 | Noticed Roxanne
 32130 | Shoals:2 | Killed Roxanne
 32131 | Shoals:2 | Reached skill level 17 in Shields
 32327 | Shoals:2 | Found Rero's Distillery.
 32330 | Shoals:2 | Bought a potion of might for 76 gold pieces
 32429 | Shoals:3 | Noticed Jorgrun
 32448 | Shoals:3 | Killed Jorgrun
 32449 | Shoals:3 | Reached skill level 15 in Armour
 32962 | Shoals:3 | Reached XP level 18. HP: 156/161 MP: 16/19
 33140 | Shoals:3 | Received a gift from Okawaru
 33279 | Shoals:3 | Received a gift from Okawaru
 33314 | Shoals:3 | Found a hazy altar of Hepliaklqana.
 33465 | Shoals:4 | Entered Level 4 of the Shoals
 33557 | Shoals:3 | Reached skill level 15 in Fighting
 33807 | Shoals:4 | Received a gift from Okawaru
 33816 | Shoals:4 | Noticed Polyphemus
 33834 | Shoals:4 | HP: 3/163 [drowned by a water nymph (8)]
 33835 | Shoals:4 | Slain by a merfolk

Illustrated notes

Levels and vault maps discovered:
D:1:      roderic_dead_forest, layout_basic
D:2:      layout_basic, uniq_robin
D:3:      layout_basic, old_standard_altar, marbit_many_paths,
          uniq_crazy_yiuf_cottage
D:4:      layout_basic, uniq_edmund
D:5:      layout_loops_ring, general_overflow_altar, grunt_dithmenos_shadows,
          minmay_temple_entry_offerings, elyvilon_altar_5
D:6:      layout_basic, lemuel_coloured_pillars_altar
D:7:      cheibrodos_quashed, layout_basic, lemuel_crystal_altar, uniq_harold,
          uniq_menkaure, uniq_pikel, uniq_duvessa
D:8:      layout_loops_ring, grunt_temple_overflow_forces_of_nature,
          nicolae_ashenzari_panopticon, lemuel_doored_altar,
          erik_lair_orcish_takeover
D:9:      layout_loops_ring, chequers_temple_overflow_statue_of_worship,
          uniq_maurice
D:10:     layout_rooms, serial_shops, shop_statue
D:11:     layout_loops_corners, erik_orc_3
D:12:     layout_layer_cave, serial_shops, nicolae_shop_waterfront, shop_statue,
          shop, kennysheep_mini_moat, nicolae_shop_behind_doors
D:13:     layout_basic, kennysheep_generic_room_16
D:14:     layout_roguey, david_vaults_5
D:15:     grunt_enter_depths_giant_problem, layout_loops_corners
Lair:1:   layout_cave_pods, st_stairs_10, uniq_joseph, uniq_gastronok,
          uniq_sonja, uniq_erica
Lair:2:   layout_regular_city, guppyfry_snake_entry_garden
Lair:3:   layout_loops_ring, elwin_shoals_entry_stream,
          chequers_serial_rivers_micro_a, lemuel_oklob_altar
Lair:4:   mu_elephants_graveyard, layout_regular_city,
          ebering_ghost_reflecting_pool
Lair:5:   layout_big_grid, serial_bayou_shore_a, lemuel_fruit_tree,
          grunt_megastairs_1, uniq_urug
Lair:6:   hangedman_lair_caniforms_friends, layout_cave_shapes, slime_altar_1,
          minmay_lair_drake_nest, uniq_nessos
Shoals:1: layout_shoals, st_cyclops
Shoals:2: layout_shoals, nicolae_shoals_c_island, uniq_roxanne
Shoals:3: cheibrodos_shoals_oceanic_diplomacy, layout_shoals,
          wheals_shoals_ruined_temple, uniq_jorgrun
Shoals:4: shoals_end_grunt_ice, layout_shoals, uniq_polyphemus
Orc:1:    cheibrodos_orc_bank, layout_caves, serial_shops, shop,
          roderic_batcave, trog_book
Orc:2:    pf_orc_diabolical, layout_caves, serial_shops,
          nicolae_shop_waterfront, mines2_david

Skill      XL: |  1  2  3  4  5  6  7  8  9 10 11 12 13 14 15 16 17 18 |
---------------+-------------------------------------------------------+-----
Fighting       | 4 5 6 7 9 10 11 12 13 14 15 | 15.0
Axes           | 3 4 5 6 7 8 |  8.9
Shields        | 4 5 6 7 8 9 10 11 12 13 15 17 | 17.9
Armour         | 4 5 6 7 8 9 10 12 13 14 15 | 15.2
Maces & Flails | 4 7 9 11 12 | 12.0
Throwing       | 1 2 3 6 8 10 11 12 | 12.0
Dodging        | 1 2 |  2.3
Invocations    | 1 2 3 4 |  4.2
Evocations     | 1 2 |  2.0
Fire Magic     | 1 |  1.6
Stealth        | |  0.1

Action                   |  1- 3 |  4- 6 |  7- 9 | 10-12 | 13-15 | 16-18 || total
-------------------------+-------+-------+-------+-------+-------+-------++-------
Melee: War axe           |    76 |   172 |    43 |       |       |       ||   291
       Whip              |       |       |   202 |  1030 |   882 |  1397 ||  3511
       Punch             |       |       |       |       |     1 |       ||     1
Throw: Javelin           |       |     3 |     4 |       |       |       ||     7
       Dart              |       |       |     8 |    94 |   187 |    77 ||   366
       Boomerang         |       |       |       |    82 |    56 |   235 ||   373
Invok: Heroism           |       |       |     1 |     4 |     9 |     6 ||    20
Evoke: Wand              |       |       |     1 |     1 |       |     1 ||     3
  Use: Potion            |     1 |       |       |       |     3 |     6 ||    10
       Scroll            |       |     5 |     2 |     1 |    11 |    18 ||    37
Armor: Scale mail        |    35 |    51 |       |       |       |       ||    86
       Plate armour      |       |    24 |   132 |   232 |   200 |       ||   588
       Gold dragon scale |       |       |       |       |    80 |   566 ||   646
Dodge: Dodged            |    29 |    50 |    65 |   147 |   157 |   165 ||   613
Block: Kite shield       |    42 |    80 |   132 |   339 |    34 |       ||   627
       Tower shield      |       |       |       |       |   445 |  1306 ||  1751
